 Dungeon Crawl Stone Soup version 0.26.1-11-gd32895ea62 (webtiles) character file.

Game seed: 7784049015386225628

1572 jlumianski the Grasshopper (level 8, -4/64 HPs)
             Began as a Gnoll Warper on May 1, 2021.
             Was an Initiate of Okawaru.
             Slain by an orc warrior
             ... wielding a +0 glaive
              (12 damage)
             ... on level 6 of the Dungeon.
             The game lasted 00:45:14 (7184 turns).

jlumianski the Grasshopper (Gnoll Warper)           Turns: 7184, Time: 00:45:14

Health: -4/64      AC: 11    Str: 12    XL:     8   Next: 90%
Magic:  17/17      EV: 16    Int: 19    God:    Okawaru [......]
Gold:   42         SH:  0    Dex: 15    Spells: 14/19 levels left

rFire    + . .     SeeInvis .   N - +0 broad axe (freeze)
rCold    . . .     Faith    +   (no shield)
rNeg     . . .     Spirit   .   S - +2 robe {Will+}
rPois    .         Reflect  .   o - +1 helmet
rElec    .         Harm     .   (no cloak)
rCorr    .         Rampage  .   t - +1 pair of gloves
Will     +....                  h - +1 pair of boots
Stlth    ++........             c - amulet of faith
HPRegen  0.20/turn              v - ring of protection from fire
MPRegen  0.15/turn              (no ring)

@: no status effects
A: distributed training, fangs 1, clever 1, weak 1, strong nose
a: Renounce Religion


You were on level 6 of the Dungeon.
You worshipped Okawaru.
Okawaru was noncommittal.
You visited 2 branches of the dungeon, and saw 7 of its levels.
You also visited: Sewer.

You collected 372 gold pieces.
You spent 330 gold pieces at shops.

Inventory:

Hand Weapons
 a - a +0 hand axe
 l - a +1 mace of protection
 H - a cursed +0 dagger
 I - a +0 whip of freezing
 J - a +0 war axe
 N - a +0 broad axe of freezing (weapon)
Missiles
 e - 5 boomerangs of dispersal
 f - 164 stones
 p - 33 poisoned darts (quivered)
 Q - 6 silver javelins
Armour
 b - a +0 leather armour
 h - a +1 pair of boots (worn)
 m - a +0 buckler
 o - a +1 helmet (worn)
 t - a +1 pair of gloves (worn)
 F - a +2 chain mail of poison resistance
 M - a +2 tower shield
 S - a +2 robe of willpower (worn)
Magical Staves
 k - an uncursed staff of cold
Jewellery
 c - an amulet of faith (around neck)
 j - an uncursed amulet of reflection
 v - a ring of protection from fire (left hand)
 K - an uncursed ring of fire
Wands
 L - a wand of polymorph (6)
Scrolls
 d - 3 scrolls of blinking
 g - 4 scrolls of remove curse
 i - 6 scrolls of identify
 n - a scroll of magic mapping
 q - 2 scrolls of amnesia
 u - a scroll of enchant weapon {unknown}
 y - 6 scrolls of teleportation
 B - a scroll of fear {unknown}
 O - a scroll of noise
Potions
 r - a potion of mutation
 s - 2 potions of attraction
 w - 2 potions of curing
 x - a potion of degeneration {unknown}
 z - a potion of invisibility {unknown}
 A - a potion of flight {unknown}
 C - a potion of brilliance
 D - 3 potions of lignification
 E - a potion of haste {unknown}
 G - a potion of might {unknown}
 P - a potion of resistance
 R - a potion of cancellation


   Skills:
 + Level 5.9 Fighting
 + Level 3.6 Short Blades
 + Level 3.6 Long Blades
 + Level 5.9 Axes
 + Level 3.6 Maces & Flails
 + Level 3.6 Polearms
 + Level 3.6 Staves
 + Level 3.6 Slings
 + Level 3.6 Bows
 + Level 3.6 Crossbows
 + Level 4.5 Throwing
 + Level 4.5 Armour
 + Level 5.9 Dodging
 + Level 3.6 Stealth
 + Level 3.6 Shields
 + Level 3.6 Unarmed Combat
 + Level 6.2 Spellcasting
 + Level 3.0 Conjurations
 + Level 3.0 Hexes
 + Level 3.0 Summonings
 + Level 3.0 Necromancy
 + Level 6.3 Translocations
 + Level 3.0 Transmutations
 + Level 3.0 Fire Magic
 + Level 3.0 Ice Magic
 + Level 3.0 Air Magic
 + Level 3.0 Earth Magic
 + Level 3.0 Poison Magic
 + Level 4.0 Invocations
 + Level 3.6 Evocations


You had 14 spell levels left.
You knew the following spells:

 Your Spells              Type           Power        Failure   Level
a - Blink                 Tloc           N/A          1%          2
b - Gell's Gravitas       Tloc           14%          2%          3

Your spell library contained the following spells:

 Spells                   Type           Power        Failure   Level
 Lesser Beckoning         Tloc           14%          2%          3
 Teleport Other           Tloc           29%          2%          3
 Passage of Golubria      Tloc           N/A          9%          4


Dungeon Overview and Level Annotations

Branches:
Dungeon (6/15)             Temple (1/1) D:4           Sewer (visited)

Altars:
Ashenzari
Dithmenos
Elyvilon
Fedhas
Gozag
Hepliaklqana
Kikubaaqudgha
Makhleb
Nemelex Xobeh
Okawaru
Qazlal
Ru
Sif Muna
Uskayaw
Yredelemnul
Zin
The Shining One

Shops:
D:4 ?

Annotations:
D:3 jr88keys's ghost, amateur OpFi


Innate Abilities, Weirdness & Mutations

Your experience applies equally to all skills.
You have very sharp teeth.
Your uncanny sense of smell can sniff out nearby items.
Your mind is acute. (Int +2)
You are weak. (Str -2)


Message History

The orc warrior is almost dead.
The orc warrior hits you with a +0 glaive!
Your magical contamination has completely faded away.
You barely miss the orc warrior.
The orc wizard shouts!
Your bite misses the orc warrior.
The orc warrior is almost dead.
The orc warrior hits you with a +0 glaive!!
* * * LOW HITPOINT WARNING * * *
The orc shouts!
You hit the orc warrior but do no damage.
Your punch misses the orc warrior.
The orc warrior is almost dead.
The orc warrior closely misses you.
Casting: Gell's Gravitas (dangerous; 2% risk of failure)
Confirm with . or Enter, or press ? or * to list all spells.
You blink.
There is a stone staircase leading up here.
The orc warrior hits you from afar with a +0 glaive!
You die...

####.#..o....#
#.# #.#.#####.#
#.# #.#.# #.#
#.# . #(#.# #o#
#.# . #o#o# #o#
#.# .. #.#.# #.#
#.# .. #o#o# #.#
#.# . #.#.#
#o###.## #o#.#
#..o.@.#
#.#.#########.##
#...........#.#
###.#######.#.#
#.# #.# #.# #.#
#.# #.# #.# #.#
#.#


You could see an orc warrior and an orc wizard.

Vanquished Creatures
  Pikel (D:3)
  Purgy (Sewer)
  2 ice beasts
  A black bear (D:6)
  A necrophage (D:4)
  An ogre (D:4)
  A gnoll sergeant (D:4)
  A scorpion (D:4)
  A jelly (D:3)
  2 orc wizards
  An iguana (D:4)
  4 worker ants
  9 gnolls
  8 adders
  A hound simulacrum (D:4)
  A white imp (D:5)
  2 worms
  A dart slug (D:1)
  4 leopard geckos
  13 orcs
  4 giant cockroaches
  5 goblins
  4 hobgoblins
  2 jackals (Sewer)
  7 kobolds
  A quokka (D:5)
  A ball python simulacrum (D:4)
  12 bats
  4 frilled lizards
  A giant cockroach simulacrum (D:4)
  A giant cockroach zombie (D:5)
  7 rats
105 creatures vanquished.

Notes
Turn   | Place    | Note
-------+----------+-------------------------------------------
     0 | D:1      | jlumianski the Gnoll Warper began the quest for the Orb.
     0 | D:1      | Reached XP level 1. HP: 20/20 MP: 6/6
   151 | D:1      | Reached XP level 2. HP: 18/26 MP: 7/7
  1313 | D:2      | Gained mutation: You are weak. (Str -2) [potion of
                  | mutation]
  1313 | D:2      | Gained mutation: Your mind is acute. (Int +2) [potion of
                  | mutation]
  1339 | D:2      | Reached XP level 3. HP: 31/31 MP: 9/9
  1342 | D:2      | Learned a level 2 spell: Blink
  1346 | D:2      | Learned a level 3 spell: Gell's Gravitas
  1455 | D:2      | Reached skill level 5 in Spellcasting
  1814 | D:2      | Reached skill level 1 in Invocations
  2091 | D:3      | Reached skill level 1 in Short Blades
  2091 | D:3      | Reached skill level 1 in Long Blades
  2091 | D:3      | Reached skill level 1 in Maces & Flails
  2091 | D:3      | Reached skill level 1 in Polearms
  2091 | D:3      | Reached skill level 1 in Staves
  2091 | D:3      | Reached skill level 1 in Slings
  2091 | D:3      | Reached skill level 1 in Bows
  2091 | D:3      | Reached skill level 1 in Crossbows
  2091 | D:3      | Reached skill level 1 in Stealth
  2091 | D:3      | Reached skill level 1 in Shields
  2091 | D:3      | Reached skill level 1 in Unarmed Combat
  2091 | D:3      | Reached skill level 1 in Evocations
  2119 | D:3      | Reached XP level 4. HP: 35/38 MP: 11/11
  2119 | D:3      | Found a glowing drain.
  2128 | Sewer    | Entered a sewer
  2193 | Sewer    | Noticed Purgy
  2243 | Sewer    | Killed Purgy
  2244 | Sewer    | Reached skill level 1 in Conjurations
  2244 | Sewer    | Reached skill level 1 in Hexes
  2244 | Sewer    | Reached skill level 1 in Summonings
  2244 | Sewer    | Reached skill level 1 in Necromancy
  2244 | Sewer    | Reached skill level 1 in Transmutations
  2244 | Sewer    | Reached skill level 1 in Fire Magic
  2244 | Sewer    | Reached skill level 1 in Ice Magic
  2244 | Sewer    | Reached skill level 1 in Air Magic
  2244 | Sewer    | Reached skill level 1 in Earth Magic
  2244 | Sewer    | Reached skill level 1 in Poison Magic
  2244 | Sewer    | Reached XP level 5. HP: 6/43 MP: 10/12
  2628 | D:3      | Found a burning altar of Makhleb.
  3002 | D:4      | Found a runed translucent gate.
  3002 | D:4      | Found a runed translucent gate.
  3002 | D:4      | Found a runed translucent gate.
  3014 | D:4      | Found Juwuss's Magic Scroll Boutique.
  3029 | D:4      | Noticed a lemure
  3031 | D:4      | Bought a scroll of identify for 22 gold pieces
  3031 | D:4      | Bought a scroll of teleportation for 33 gold pieces
  3031 | D:4      | Bought a scroll of teleportation for 33 gold pieces
  3031 | D:4      | Bought a scroll of identify for 22 gold pieces
  3031 | D:4      | Noticed a lemure
  3445 | D:3      | Reached XP level 6. HP: 49/50 MP: 13/13
  3684 | D:4      | Reached skill level 5 in Fighting
  3684 | D:4      | Reached skill level 5 in Axes
  3684 | D:4      | Reached skill level 5 in Dodging
  4021 | D:4      | Noticed a necrophage
  4083 | D:4      | Killed a necrophage
  4084 | D:4      | Reached XP level 7. HP: 51/56 MP: 15/15
  4225 | D:4      | Noticed Pikel
  4469 | D:3      | Killed Pikel
  4470 | D:3      | Reached XP level 8. HP: 19/63 MP: 2/17
  4713 | D:4      | Found a staircase to the Ecumenical Temple.
  4721 | Temple   | Entered the Ecumenical Temple
  4845 | Temple   | Became a worshipper of Warmaster Okawaru
  5162 | D:4      | Found a hide-covered altar of Uskayaw.
  5227 | D:4      | Found a stormy altar of Qazlal.
  5724 | D:4      | Noticed jr88keys's ghost (amateur OpFi)
  6217 | D:5      | Entered Level 5 of the Dungeon
  6923 | D:4      | Bought a scroll of brand weapon for 220 gold pieces
  7153 | D:6      | HP: 2/64 [orc warrior/+0 glaive (19)]
  7184 | D:6      | Slain by an orc warrior

Illustrated notes

Levels and vault maps discovered:
D:1:      dpeg_arrival_court, layout_basic
D:2:      layout_basic
D:3:      layout_basic, lemuel_crystal_altar, portal_sewer_entry_d
D:4:      layout_cave_pools, general_overflow_altar, marbit_many_paths,
          minmay_temple_entry_statues_pillars, serial_shops, nicolae_shop_trees,
          gammafunk_ghost_icy, lightli_minifort, uniq_pikel
D:5:      layout_cave_pools, kennysheep_generic_room_10
D:6:      layout_basic, pdpol_wu_jian_five_deadly_venoms
Temple:   dpeg_five_rooms_temple

Skill      XL: |  1  2  3  4  5  6  7  8 |
---------------+-------------------------+-----
Spellcasting   | 5 6 |  6.2
Invocations    | 1 2 3 4 |  4.0
Short Blades   | 1 2 3 |  3.6
Long Blades    | 1 2 3 |  3.6
Maces & Flails | 1 2 3 |  3.6
Polearms       | 1 2 3 |  3.6
Staves         | 1 2 3 |  3.6
Slings         | 1 2 3 |  3.6
Bows           | 1 2 3 |  3.6
Crossbows      | 1 2 3 |  3.6
Stealth        | 1 2 3 |  3.6
Shields        | 1 2 3 |  3.6
Unarmed Combat | 1 2 3 |  3.6
Evocations     | 1 2 3 |  3.6
Throwing       | 3 4 |  4.5
Armour         | 3 4 |  4.5
Conjurations   | 1 2 3 |  3.0
Hexes          | 1 2 3 |  3.0
Summonings     | 1 2 3 |  3.0
Necromancy     | 1 2 3 |  3.0
Transmutations | 1 2 3 |  3.0
Fire Magic     | 1 2 3 |  3.0
Ice Magic      | 1 2 3 |  3.0
Air Magic      | 1 2 3 |  3.0
Earth Magic    | 1 2 3 |  3.0
Poison Magic   | 1 2 3 |  3.0
Fighting       | 5 |  5.9
Axes           | 5 |  5.9
Dodging        | 5 |  5.9
Translocations | 6 |  6.3

Action                   |  1- 3 |  4- 6 |  7- 9 || total
-------------------------+-------+-------+-------++-------
Melee: Hand axe          |   136 |   163 |    53 ||   352
       Bite              |    13 |    15 |    12 ||    40
       War axe           |       |       |    60 ||    60
       Broad axe         |       |       |    33 ||    33
       Punch             |       |       |     1 ||     1
Throw: Dart              |     1 |    30 |    25 ||    56
 Cast: Gell's Gravitas   |     2 |    11 |    18 ||    31
       Blink             |       |     7 |     4 ||    11
  Use: Potion            |     5 |     1 |     2 ||     8
       Scroll            |     6 |     3 |     4 ||    13
 Stab: Sleeping          |     2 |     3 |     2 ||     7
Armor: Leather armour    |    25 |    68 |    60 ||   153
       Robe              |       |       |     6 ||     6
Dodge: Dodged            |   104 |   151 |   120 ||   375
Block: Other             |    18 |    50 |    11 ||    79
       Reflection        |     1 |       |       ||     1
